 Dungeon Crawl Stone Soup version 0.29.1 (webtiles) character file.

Game seed: 954291842483081624

4874 Iusername the Carver (level 10, -1/84 HPs)
             Began as a Minotaur Fighter on Sept 14, 2022.
             Was a High Priest of Okawaru.
             Killed from afar by an electric eel (13 damage)
             ... with a bolt of electricity
             ... on level 9 of the Dungeon.
             The game lasted 00:17:29 (12421 turns).

Iusername the Carver (Minotaur Fighter)            Turns: 12421, Time: 00:17:31

Health: -1/84      AC: 16    Str: 25    XL:     10   Next: 26%
Magic:  9/9        EV: 10    Int:  5    God:    Okawaru [*****.]
Gold:   643        SH:  0    Dex: 10    Spells: 9/9 levels left

rFire   . . .      SeeInvis .   D - +3 scimitar (vorpal)
rCold   . . .      Faith    .   t - +0 kite shield
rNeg    . . .      Spirit   .   l - +1 plate armour
rPois   .          Reflect  +   (helmet restricted)
rElec   .          Harm     .   q - +0 cloak
rCorr   .          Rampage  .   (no gloves)
Will    .....                   (no boots)
Stlth   ..........              u - amulet of reflection
HPRegen 0.24/turn               k - +4 ring of evasion
MPRegen 0.11/turn               (no ring)

@: confused, about to teleport, ambrosia-drunk, very slow
A: horns 2, retaliatory headbutt
a: Renounce Religion, Heroism, Finesse, Duel


You were on level 9 of the Dungeon.
You worshipped Okawaru.
Okawaru was extremely pleased with you.
You visited 1 branch of the dungeon, and saw 9 of its levels.
You also visited: Sewer.

You collected 643 gold pieces.

Inventory:

Hand Weapons
 D - a +3 vorpal scimitar (weapon)
Armour
 l - a +1 plate armour (worn)
 q - a +0 cloak (worn)
 t - a +0 kite shield (worn)
Jewellery
 k - a +4 ring of evasion (left hand)
 u - an amulet of reflection (around neck)
 C - a +4 ring of evasion
Wands
 n - a wand of digging (4)
 p - a wand of iceblast (14)
 y - a wand of polymorph (2)
 B - a wand of paralysis (9)
 E - a wand of mindburst (9)
Scrolls
 c - a scroll of torment {unknown}
 f - a scroll of fear {unknown}
 i - 6 scrolls of magic mapping
 m - 2 scrolls of amnesia {unknown}
 o - a scroll of poison
 s - 2 scrolls of enchant weapon {unknown}
 z - a scroll of immolation {unknown}
 F - a scroll of teleportation
Potions
 a - a potion of brilliance {unknown}
 b - 2 potions of attraction
 d - a potion of cancellation
 e - 2 potions of degeneration {unknown}
 g - 2 potions of lignification
 h - a potion of berserk rage {unknown}
 j - 3 potions of ambrosia
 r - 5 potions of mutation
 v - 3 potions of heal wounds {unknown}
 w - 2 potions of curing {unknown}
 x - 2 potions of invisibility {unknown}
 A - 3 potions of haste {unknown}


   Skills:
 + Level 6.5 Fighting
 + Level 11.7 Long Blades
 + Level 9.5 Armour
 + Level 1.7 Dodging
 + Level 0.7 Stealth
 + Level 9.7 Shields


You had 9 spell levels left.
You didn't know any spells.
Your spell library contained the following spells:

 Spells                   Type           Power      Damage    Failure   Level
 Apportation              Tloc           0%         N/A       100%        1
 Foxfire                  Conj/Fire      0%         2x1d4     100%        1
 Magic Dart               Conj           0%         1d3       100%        1
 Necrotise                Necr           0%         1d4       100%        1
 Blink                    Tloc           0%         N/A       100%        2
 Searing Ray              Conj           0%         2d4       100%        2
 Conjure Flame            Conj/Fire      0%         6-21      100%        3
 Ignite Poison            Fire/Tmut/Pois 0%         N/A       100%        3
 Inner Flame              Hex/Fire       0%         N/A       100%        3
 Flame Wave               Conj/Fire      0%         2d4       100%        4
 Fulminant Prism          Conj/Hex       0%         3d6       100%        4
 Sticky Flame             Conj/Fire      0%         2d3       100%        4
 Manifold Assault         Tloc           0%         N/A       100%        5
 Storm Form               Tmut/Air       0%         N/A       100%        7
 Summon Small Mammal      Summ           Unusable   N/A       N/A         1

Dungeon Overview and Level Annotations

Branches:
Dungeon (9/15)             Temple (0/1) D:7           Sewer (visited)
   Lair: D:8-11         Orc: D:9-12

Altars:
Elyvilon
Gozag
Nemelex Xobeh
Okawaru
Ru
Xom
Yredelemnul
Zin

Shops:
D:4 *   D:5 !   D:9 !

Annotations:
D:5 3 runed translucent doors, masschaos23's ghost, amateur OpBr


Innate Abilities, Weirdness & Mutations

You have a pair of horns on your head.
You reflexively headbutt those who attack you in melee.


Message History

You enter the shallow water.
Moving in this stuff is going to be slow.
The electric eel shoots out a bolt of lightning at you!
The bolt of electricity hits you.
The electric eel shoots out a bolt of lightning at you!
The bolt of electricity hits you.
The electric eel shoots out a bolt of lightning at you!
The bolt of electricity hits you!
The electric eel shoots out a bolt of lightning at you!
The bolt of electricity hits you.
You enter the shallow water.
Moving in this stuff is going to be slow.
An electric eel comes into view.
The electric eel shoots out a bolt of lightning at you!
The bolt of electricity hits you!
As you read the scroll of teleportation, it crumbles to dust.
You feel strangely unstable.
The electric eel shoots out a bolt of lightning at you!
The bolt of electricity hits the electric eel.
The electric eel completely resists.
The bolt of electricity hits you.
The electric eel shoots out a bolt of lightning at you!
The bolt of electricity hits you!
It was a potion of ambrosia.
You are confused.
You feel invigorated.
The electric eel shoots out a bolt of lightning at you!
The bolt of electricity hits the electric eel.
The electric eel completely resists.
The bolt of electricity hits you!
* * * LOW HITPOINT WARNING * * *
The electric eel shoots out a bolt of lightning at you!
The bolt of electricity hits you.
* * * LOW HITPOINT WARNING * * *
You're too confused to move!
The electric eel shoots out a bolt of lightning at you!
The bolt of electricity hits the electric eel.
The electric eel completely resists.
The bolt of electricity hits you!
* * * LOW HITPOINT WARNING * * *
The electric eel shoots out a bolt of lightning at you!
The bolt of electricity hits you!
You die...

.~~≈≈≈≈~~~...
...~~≈~.....#
....~~S~~~..#
............#
....~~~≈~~..#
.~~.~~≈≈~~..#
~≈~≈.≈~≈~...######
S≈S≈≈.~.~...)).∩.#
≈≈≈~~..@....###..#
≈≈~.....?~..####.##
≈~................#
..##..###..#..##..#
# #... #.##..##..#
..... ..##..##..#
###... ##.........#
... ###.#.##.#
#......#


You could see 3 electric eels.

Vanquished Creatures
  A two-headed ogre (D:9)
  A troll (D:9)
  Grinder (Sewer)
  A wyvern (D:8)
  A steam dragon (D:7)
  A chaos spawn (D:9)
  A water moccasin (D:7)
  2 ice beasts (D:6)
  A sky beast (D:6)
  2 black bears
  2 ogres
  A wolf (D:9)
  A centaur (D:7)
  2 phantoms
  4 kobold brigands
  A necrophage (D:6)
  2 bullfrogs
  A gnoll sergeant (D:8)
  4 scorpions
  4 wights (D:7)
  5 killer bees (D:8)
  A howler monkey (D:5)
  An electric eel (D:7)
  2 quasits (Sewer)
  A jelly (D:5)
  A gnoll bouda (D:6)
  3 orc priests
  7 hounds
  Crazy Yiuf (D:2)
  Jessica (D:3)
  4 iguanas
  Natasha (thrice) (D:2)
  7 orc wizards
  10 gnolls
  6 adders
  2 shadow imps
  2 white imps
  3 ufetubi
  An adder zombie (Sewer)
  2 worms
  2 dart slugs
  24 orcs
  8 ball pythons
  8 endoplasms
  4 giant cockroaches
  9 goblins
  7 hobgoblins
  8 jackals (D:1)
  2 quokkas
  5 bats
  5 frilled lizards
  A giant cockroach zombie (Sewer)
  43 kobolds
  A kobold zombie (Sewer)
  5 rats
229 creatures vanquished.

Vanquished Creatures (others)
  A giant cockroach zombie (Sewer)
  5 kobolds (D:9)
  9 plants (D:7)
15 creatures vanquished.

Grand Total: 244 creatures vanquished

Notes
Turn   | Place    | Note
-------+----------+-------------------------------------------
     0 | D:1      | Iusername the Minotaur Fighter began the quest for the Orb.
     0 | D:1      | Reached XP level 1. HP: 19/19 MP: 0/0
    57 | D:1      | Reached XP level 2. HP: 27/27 MP: 1/1
   329 | D:1      | Found a faded altar of an unknown god.
   359 | D:1      | Prayed at the altar of an unknown god.
   359 | D:1      | Became a worshipper of Warmaster Okawaru
   359 | D:1      | Reached * piety under Okawaru
   474 | D:1      | Reached XP level 3. HP: 26/33 MP: 2/2
   940 | D:2      | Reached skill level 3 in Long Blades
  1042 | D:2      | Noticed Natasha
  1046 | D:2      | Killed Natasha
  1047 | D:2      | Reached XP level 4. HP: 40/40 MP: 3/3
  1081 | D:2      | Found a shimmering altar of Xom.
  1117 | D:2      | Noticed Natasha
  1124 | D:2      | Killed Natasha
  1288 | D:2      | Noticed Natasha
  1295 | D:2      | Killed Natasha
  1296 | D:2      | Reached skill level 4 in Long Blades
  1332 | D:2      | Found a runed translucent door.
  1333 | D:2      | Noticed Crazy Yiuf
  1402 | D:2      | Reached XP level 5. HP: 46/46 MP: 4/4
  1836 | D:2      | Killed Crazy Yiuf
  1837 | D:2      | Reached skill level 5 in Armour
  2560 | D:3      | Reached skill level 5 in Long Blades
  2567 | D:3      | Reached skill level 1 in Dodging
  2956 | D:3      | Noticed Jessica
  2963 | D:3      | Killed Jessica
  2964 | D:3      | Reached XP level 6. HP: 52/53 MP: 5/5
  3406 | D:4      | Found a sparkling altar of Nemelex Xobeh.
  3515 | D:4      | Reached ** piety under Okawaru
  3516 | D:4      | Reached skill level 6 in Long Blades
  3720 | D:4      | Found Attubboph's General Store.
  3963 | D:5      | Entered Level 5 of the Dungeon
  4018 | D:5      | Found a runed translucent gate.
  4018 | D:5      | Found a runed translucent gate.
  4019 | D:5      | Found a runed translucent gate.
  4023 | D:5      | Noticed masschaos23's ghost (amateur OpBr)
  4033 | D:5      | Found a glowing drain.
  4339 | D:5      | Reached XP level 7. HP: 44/60 MP: 6/6
  4468 | Sewer    | Entered a sewer
  4586 | Sewer    | Found a burning altar of Makhleb.
  4608 | Sewer    | Noticed Grinder
  4623 | Sewer    | Paralysed by Grinder for 3 turns
  4629 | Sewer    | Killed Grinder
  4630 | Sewer    | Reached skill level 7 in Long Blades
  4630 | Sewer    | Reached skill level 5 in Shields
  4634 | Sewer    | Reached skill level 5 in Fighting
  5563 | D:5      | Reached XP level 8. HP: 68/68 MP: 7/7
  5579 | D:5      | Found Egaleo's Distillery.
  6425 | D:6      | Reached *** piety under Okawaru
  6460 | D:6      | Reached skill level 8 in Long Blades
  7470 | D:6      | Reached skill level 9 in Long Blades
  7763 | D:6      | Reached XP level 9. HP: 66/74 MP: 8/8
  8170 | D:7      | Found an opulent altar of Gozag.
  8204 | D:7      | Reached **** piety under Okawaru
  8283 | D:7      | Found a white marble altar of Elyvilon.
  9041 | D:7      | Reached skill level 10 in Long Blades
 10018 | D:7      | Found a sacrificial altar of Ru.
 10102 | D:7      | Found a staircase to the Ecumenical Temple.
 11012 | D:8      | Reached skill level 11 in Long Blades
 11592 | D:8      | Found a basalt altar of Yredelemnul.
 11596 | D:8      | Found a glowing silver altar of Zin.
 11797 | D:9      | Found Virheli's Distillery.
 11806 | D:9      | Noticed a troll
 11816 | D:9      | Noticed a two-headed ogre
 11819 | D:9      | Killed a troll
 11819 | D:9      | Reached ***** piety under Okawaru
 11820 | D:9      | Reached XP level 10. HP: 75/83 MP: 9/9
 11833 | D:9      | Killed a two-headed ogre
 12421 | D:9      | Killed from afar by an electric eel

Illustrated notes

Levels and vault maps discovered:
D:1:      amcnicky_arrival_single_pillar, layout_rooms,
          shapermc_ecumenical_altar_totnotflames
D:2:      cheibrodos_greedy_goblins, layout_loops_ring, basic_altar,
          uniq_natasha, uniq_crazy_yiuf_cottage
D:3:      corexii_shack_village, layout_basic, uniq_jessica
D:4:      layout_basic, nemelex_xobeh_ov_fountains_minmay, serial_shops,
          nicolae_diamond_shop
D:5:      layout_basic, chequers_ossuary_entry_cave, gammafunk_ghost_necromancy,
          cheibrodos_sewer_entry_drain, serial_shops, shop
D:6:      layout_basic
D:7:      layout_basic, nicolae_elyvilon_temple_path,
          mainiacjoe_overflow_cross_hatched, grunt_gozag_breadcrumbs,
          minmay_temple_entry_nine_rooms
D:8:      layout_cave_pools, grunt_temple_overflow_open
D:9:      layout_loops_corners, erik_lair_island, serial_demonic,
          serial_demonic_g, serial_demonic_d, serial_demonic_e,
          serial_demonic_b, serial_shops, shop

Skill      XL: |  1  2  3  4  5  6  7  8  9 |
---------------+----------------------------+-----
Shields        | 4 6 7 9 |  9.7
Armour         | 4 5 6 7 9 |  9.5
Fighting       | 4 5 6 |  6.5
Long Blades    | 3 4 5 6 7 9 11 | 11.7
Dodging        | 1 |  1.7
Stealth        | |  0.7

Action                   |  1- 3 |  4- 6 |  7- 9 | 10-12 || total
-------------------------+-------+-------+-------+-------++-------
Melee: Long sword        |    74 |   168 |   323 |       ||   565
       Headbutt          |    11 |    25 |    78 |     5 ||   119
       Scimitar          |       |       |   118 |    42 ||   160
Invok: Heroism           |       |       |     1 |       ||     1
  Use: Scroll            |       |    10 |     4 |     1 ||    15
       Potion            |       |       |     2 |     1 ||     3
Armor: Scale mail        |    29 |     1 |       |       ||    30
       Plate armour      |       |    48 |   260 |    11 ||   319
Dodge: Dodged            |    35 |    54 |   154 |     3 ||   246
Block: Buckler           |    18 |    50 |       |       ||    68
       Reflection        |       |     1 |    12 |     1 ||    14
       Kite shield       |       |       |   409 |    27 ||   436
